 Dungeon Crawl Stone Soup version 0.30-a0-743-gbfdf073431 (webtiles) character file.

Game seed: 18021935140363536334

1323 DEFE the Grappler (level 8, 0/60 HPs)
             Began as a Demonspawn Wanderer on Feb 6, 2023.
             Was an Initiate of Gozag.
             Killed by divine providence
             ... invoked by an orc priest
              (16 damage)
             ... on level 5 of the Dungeon.
             The game lasted 00:08:33 (5344 turns).

DEFE the Grappler (Demonspawn Wanderer)             Turns: 5344, Time: 00:08:33

Health: 0/60       AC: 14    Str: 17    XL:     8   Next: 33%
Magic:  9/9        EV: 14    Int: 13    God:    Gozag
Gold:   1269       SH:  0    Dex: 13    Spells: 8/9 levels left

rFire   + . .      SeeInvis .      - Unarmed
rCold   + . .      Faith    .    (no shield)
rNeg    . . .      Spirit   .    d - +2 scale mail
rPois   .          Reflect  .    g - +2 hat
rElec   +          Harm     .    n - +0 cloak
rCorr   .          Rampage  .    (gloves unavailable)
Will    .....                    (no boots) Stlth
                                 (no amulet)
HPRegen 0.30/turn                m - ring of Zebrihol {rElec rF+ rC+ EV+5 Dex+2}
MPRegen 0.11/turn                (no ring)

@: gold aura, studying Transmutations
A: molten scales 2, ignite blood 1, demonic touch 3
a: Renounce Religion, Potion Petition, Call Merchant, Bribe Branch


You were on level 5 of the Dungeon.
You worshipped Gozag.
Gozag was most pleased with you.
You visited 1 branch of the dungeon, and saw 6 of its levels.
You also visited: Sewer.

You collected 1269 gold pieces.

Inventory:

Missiles
 c - 6 poisoned darts
 k - a throwing net
Armour
 d - a +2 scale mail (worn)
 g - a +2 hat (worn)
 n - a +0 cloak (worn)
Jewellery
 i - an amulet of magic regeneration
 m - the ring of Zebrihol (left hand) {rElec rF+ rC+ EV+5 Dex+2}
   (You found it on level 3 of the Dungeon)

   [ring of evasion]

   EV:        It affects your evasion (+5).
   Dex:       It affects your dexterity (+2).
   rF:        It protects you from fire.
   rC:        It protects you from cold.
   rElec:     It insulates you from electricity.
 p - a +6 ring of intelligence
Scrolls
 a - 3 scrolls of identify
 f - 3 scrolls of teleportation
 h - 2 scrolls of immolation
 j - 3 scrolls of amnesia
 l - a scroll of magic mapping
 q - a scroll of fog
Potions
 b - 3 potions of attraction
 e - 2 potions of mutation
 o - 7 potions of flight
 r - a potion of brilliance
 s - a potion of resistance


   Skills:
 - Level 4.0 Fighting
 - Level 2.0 Armour
 - Level 1.1 Dodging
 + Level 9.1 Unarmed Combat
 - Level 1.1 Spellcasting
 - Level 1.1 Hexes
 - Level 1.2 Evocations


You had 8 spell levels left.
You knew the following spells:

 Your Spells              Type           Power      Damage    Failure   Level
a - Slow                  Hex            12%        N/A       52%         1

Your spell library contained the following spells:

 Spells                   Type           Power      Damage    Failure   Level
 Magic Dart               Conj           0%         1d3       67%         1
 Searing Ray              Conj           0%         2d4       82%         2
 Dazzling Flash           Conj/Hex       4%         N/A       92%         3
 Portal Projectile        Hex/Tloc       4%         N/A       92%         3
 Call Canine Familiar     Summ           0%         N/A       96%         3
 Ignite Poison            Fire/Tmut/Pois 0%         N/A       96%         3
 Fulminant Prism          Conj/Hex       1%         3d5       100%        4
 Leda's Liquefaction      Hex/Erth       1%         N/A       100%        4
 Sticky Flame             Conj/Fire      0%         2d3       100%        4
 Ignition                 Fire           0%         3d3       100%        8


Dungeon Overview and Level Annotations

Branches:
Dungeon (6/15)              Sewer (visited)
 Temple: D:4-7

Altars:
Ashenzari
Gozag
Sif Muna

Annotations:
D:6 Prince Ribbit


Innate Abilities, Weirdness & Mutations

You are mostly covered in molten scales. (AC +3)
Your demonic aura sometimes causes spilled blood to erupt in flames.
Your touch may irresistibly damage your foes and sap their willpower.


Message History

You now have 1269 gold pieces (gained 14).
You see here a +0 giant club.
Found a scale mail.
Found a potion of attraction.
A centaur and a necrophage come into view.
The centaur shouts!
You hear a shout! x4
The centaur wields a +0 shortbow.
The centaur shoots an arrow.
The arrow closely misses you.
The centaur shoots an arrow.
The arrow hits you!
You hear a shout!
You take 7 damage, and have 53/60 hp.
The centaur shoots an arrow.
The arrow hits you but does no damage.
The orc priest looks satisfied for a moment.
The centaur shoots an arrow.
The arrow hits you.
You take 2 damage, and have 51/60 hp.
The orc priest looks braver for a moment.
The necrophage barely misses you.
You punch the necrophage! The necrophage misses you.
The orc priest mumbles some strange prayers to Beogh against you.
Beogh smites you!
You take 8 damage, and have 44/60 hp.
You punch the necrophage! The necrophage closely misses you.
You hit the necrophage.
You destroy the necrophage!
The centaur shoots an arrow.
The arrow hits you.
The orc priest invokes the aid of Beogh against you.
Beogh smites you!
The orc priest invokes the aid of Beogh against you.
Pain shoots through your body!
* * * LOW HITPOINT WARNING * * *
You hear a shout! x2
You hit the centaur.
The centaur is engulfed in blazing flames.
The centaur unwields a +0 shortbow.
The centaur hits you but does no damage.
The centaur closely misses you.
The orc priest invokes the aid of Beogh against you.
Beogh smites you!
You die...
Your body crumbles into a pile of gold.

##### ############
#...###..........#
#.......########.#
#...##### #)#
##.## #.# #@# #.#
#c# #.# #.o...#
#.## #..o..# #...
.o.....# ####
#.####....[# #.#
#!....#
############ #.#
#######
#........... #.#
#.##########


You could see a centaur, 2 orc priests and an orc.

Vanquished Creatures
  A wyvern (D:4)
  An ice beast (D:5)
  A black bear (D:4)
  A sky beast (D:4)
  2 ogres (D:5)
  A phantom (D:5)
  A scorpion (D:5)
  A necrophage (D:5)
  A hound (D:5)
  An orc priest (D:4)
  A jelly (D:4)
  2 iguanas (D:5)
  2 orc wizards
  7 gnolls (D:4)
  12 adders
  4 river rats
  A shadow imp (D:5)
  An ufetubus (D:4)
  5 worms (D:4)
  3 dart slugs (D:4)
  9 orcs
  8 endoplasms
  9 giant cockroaches
  9 hobgoblins
  13 jackals
  8 kobolds
  2 quokkas
  11 ball pythons
  9 bats
  5 frilled lizards
  12 rats
144 creatures vanquished.

Vanquished Creatures (others)
  An adder (D:4)
1 creature vanquished.

Grand Total: 145 creatures vanquished

Notes
Turn   | Place    | Note
-------+----------+-------------------------------------------
     0 | D:1      | DEFE the Demonspawn Wanderer began the quest for the Orb.
     0 | D:1      | DEFE set off with the following items: a +0 club, a potion
                  | of attraction, a potion of might, a +2 scale mail; and the
                  | following spell memorised: Slow; and the following spells
                  | available to memorise: Dazzling Flash.
     0 | D:1      | Reached XP level 1. HP: 19/19 MP: 2/2
   360 | D:1      | Found a faded altar of an unknown god.
   366 | D:1      | Prayed at the altar of an unknown god.
   366 | D:1      | Became a worshipper of Gozag Ym Sagoz the Greedy
   376 | D:1      | Gained mutation: Your touch may inflict minor irresistible
                  | damage on your foes. [demonic ancestry]
   376 | D:1      | Reached XP level 2. HP: 25/25 MP: 3/3
   840 | D:2      | Reached skill level 1 in Unarmed Combat
  1007 | D:2      | Reached skill level 2 in Unarmed Combat
  1007 | D:2      | Gained mutation: Your demonic aura sometimes causes spilled
                  | blood to erupt in flames. [demonic ancestry]
  1007 | D:2      | Reached XP level 3. HP: 30/30 MP: 4/4
  1671 | D:3      | Found an opulent altar of Gozag.
  1677 | D:3      | Identified the ring of Zebrihol {rElec rF+ rC+ EV+5 Dex+2}
  1684 | D:3      | Found a broken altar of Ashenzari.
  1812 | D:3      | Reached skill level 3 in Unarmed Combat
  1812 | D:3      | Reached XP level 4. HP: 35/37 MP: 5/5
  1828 | D:3      | Found a shimmering blue altar of Sif Muna.
  2266 | D:4      | Noticed a black bear
  2273 | D:4      | Killed a black bear
  2274 | D:4      | Reached skill level 4 in Unarmed Combat
  2274 | D:4      | Gained mutation: You are partially covered in molten
                  | scales. (AC +2) [demonic ancestry]
  2274 | D:4      | Reached XP level 5. HP: 37/42 MP: 6/6
  2289 | D:4      | Reached skill level 5 in Unarmed Combat
  2291 | D:4      | Gained mutation: Your touch may inflict irresistible damage
                  | on your foes. [demonic ancestry]
  2291 | D:4      | Reached XP level 6. HP: 15/48 MP: 7/7
  2422 | D:4      | Noticed a wyvern
  2430 | D:4      | Killed a wyvern
  2481 | D:4      | Reached skill level 6 in Unarmed Combat
  2513 | D:4      | Found a glowing drain.
  2518 | Sewer    | Entered a sewer
  2778 | Sewer    | Gained mutation: Your touch may irresistibly damage your
                  | foes and sap their willpower. [demonic ancestry]
  2778 | Sewer    | Reached XP level 7. HP: 48/54 MP: 8/8
  3771 | D:4      | Reached skill level 7 in Unarmed Combat
  4030 | D:5      | Entered Level 5 of the Dungeon
  4472 | D:5      | Reached skill level 8 in Unarmed Combat
  4472 | D:5      | Gained mutation: You are mostly covered in molten scales.
                  | (AC +3) [demonic ancestry]
  4472 | D:5      | Reached XP level 8. HP: 60/60 MP: 9/9
  4896 | D:6      | Noticed Prince Ribbit
  5315 | D:5      | Reached skill level 9 in Unarmed Combat
  5344 | D:5      | Killed from afar by an orc priest

Illustrated notes

Levels and vault maps discovered:
D:1:      giann_bridges, layout_loops_ring, ebering_ecumenical_altar_hall
D:2:      layout_basic, minmay_misc_feat_diagonals
D:3:      layout_loops_cross, mainiacjoe_overflow_large_starburst,
          nicolae_sif_muna_condensation
D:4:      layout_basic, lightli_sewer_entry_pipes, minmay_circle_x
D:5:      layout_loops_ring
D:6:      minmay_recursive_quarters, layout_loops_ring,
          gammafunk_ghost_cemetery, chequers_serial_rivers_micro_c,
          uniq_prince_ribbit1

Skill      XL: |  1  2  3  4  5  6  7  8 |
---------------+-------------------------+-----
Armour         | 2 |  2.0
Unarmed Combat | 2 3 4 5 6 8 9 |  9.1
Fighting       | |  4.0
Dodging        | |  1.1
Spellcasting   | |  1.1
Hexes          | |  1.1
Evocations     | |  1.2

Action                     |  1- 3 |  4- 6 |  7- 9 || total
---------------------------+-------+-------+-------++-------
  Melee: Club              |    44 |       |       ||    44
         Flail             |    32 |       |       ||    32
         Touch             |     7 |    19 |    26 ||    52
         Unarmed           |    61 |   139 |   137 ||   337
         Punch             |     5 |     2 |     9 ||    16
    Use: Scroll            |       |     9 |     5 ||    14
         Potion            |       |     2 |       ||     2
   Stab: Distracted        |       |     1 |     1 ||     2
 Armour: Scale mail        |    85 |    50 |    46 ||   181
  Dodge: Dodged            |    72 |   104 |    92 ||   268

Table legend: (Time is in decaauts)
 A = Elapsed time spent in this place.
 B = Non-inter-level travel time spent in this place.
 C = Inter-level travel time spent in this place.
 D = Time resting spent in this place.
 E = Time spent auto-exploring this place.
 F = Levels seen in this place.
 G = Mean time per level.
                   A        B        C        D        E       F      G
               +--------+--------+--------+--------+--------+-----+--------+
         Total |   5540 |   5394 |    146 |    610 |   3662 |   7 |  791.4 |
       Dungeon |   4731 |   4585 |    146 |    610 |   3071 |   6 |  788.5 |
         Sewer |    808 |    808 |      0 |      0 |    591 |   1 |  808.0 |
               +--------+--------+--------+--------+--------+-----+--------+

Top non-repeatable levels by time:
     D:5: 1293 daAuts
     D:4: 1211 daAuts
     D:2: 863 daAuts
   Sewer: 808 daAuts
     D:1: 785 daAuts
     D:3: 566 daAuts
     D:6: 11 daAuts
